 Dungeon Crawl Stone Soup version 0.30-a0-49-g1cef19eb02 (webtiles) character file.

Game seed: 18122300026580431519

37 porpoise the Poker (level 3, 0/28 HPs)
             Began as a Demonspawn Gladiator on Sept 3, 2022.
             Slain by Sigmund
             ... wielding a +2 scythe of venom
              (5 damage)
             ... on level 2 of the Dungeon.
             The game lasted 00:02:22 (1541 turns).

porpoise the Poker (Demonspawn Gladiator)           Turns: 1541, Time: 00:02:23

Health: 0/28       AC:  4    Str: 16    XL:     3   Next: 21%
Magic:  3/3        EV: 12    Int:  9    God:
Gold:   73         SH:  0    Dex: 14    Spells: 2/2 levels left

rFire   . . .      SeeInvis .    a - +0 trident
rCold   . . .      Faith    .    (no shield)
rNeg    . . .      Spirit   .    b - +0 leather armour
rPois   .          Reflect  .    c - +0 helmet
rElec   .          Harm     .    (no cloak)
rCorr   .          Rampage  .    (no gloves)
Will    .....                    (no boots)
Stlth   +.........               (no amulet)
HPRegen 0.09/turn                (no ring)
MPRegen 0.08/turn                (no ring)

@: lethally poisoned (0 -> -6)
A: foul stench 1
a: no special abilities


You were on level 2 of the Dungeon.
You visited 1 branch of the dungeon, and saw 2 of its levels.

You collected 73 gold pieces.

Inventory:

Hand Weapons
 a - a +0 trident (weapon)
Missiles
 d - 3 throwing nets (quivered)
 e - a javelin
Armour
 b - a +0 leather armour (worn)
 c - a +0 helmet (worn)
 l - an orb of energy
Jewellery
 o - a ring of wizardry
Scrolls
 f - a scroll of poison {unknown}
 g - a scroll of teleportation {unknown}
 h - 2 scrolls of identify {unknown}
 k - a scroll of noise {unknown}
Potions
 i - 2 potions of berserk rage {unknown}
 j - a potion of resistance {unknown}
 m - a potion of might {unknown}
 n - a potion of mutation {unknown}
 p - a potion of curing {unknown}


   Skills:
 + Level 2.9 Fighting
 + Level 3.3 Polearms
 - Level 1.7 Throwing
 - Level 2.6 Dodging


You had 2 spell levels left.
You didn't know any spells.
Your spell library was empty.

Dungeon Overview and Level Annotations

Branches:
Dungeon (2/15)

Altars:

Annotations:
D:2 Sigmund


Innate Abilities, Weirdness & Mutations

You may rarely emit foul miasma when damaged in melee.


Message History

You puncture the adder!
You kill the adder!
You feel sick.
You have reached level 3!
Your experience leads to an increase in your attributes!
Increase (S)trength, (I)ntelligence, or (D)exterity?
You feel stronger. x2
You start resting.
You feel sick. x3
You are no longer poisoned.
Unknown command.
HP restored.
A ball python comes into view.
The ball python hisses angrily.
Sigmund the Dreaded comes into view.
He is wielding a +2 scythe of venom and wearing a +2 robe of willpower.
You reach to attack!
Sigmund shouts!
You hit the ball python.
You kill the ball python!
Sigmund screams, "Don't try to resist!"
Sigmund points at you and mumbles some strange words.
You are confused.
You bump into the rock wall.
Sigmund points at you and mumbles some strange words.
The magic dart hits you!
You bump into the rock wall.
You bump into the rock wall.
You feel less confused.
Sigmund points at you and mumbles some strange words.
The puff of flame hits you!
* * * LOW HITPOINT WARNING * * *
Sigmund mumbles some strange words.
Sigmund flickers and vanishes!
Deactivating autopickup; reactivate with Ctrl-A.
Something hits you but does no damage.
You are lethally poisoned!
You hit something but do no damage.
* * * LOW HITPOINT WARNING * * *
You feel very sick. Something hits you.
You die...

#........... ~~. .#
#.........^. ≈~≈.....#
#........... ~.~#.#..#
#....$...... ~....#..#
#........$.. ~.~#.#..#
#.†......... ≈~~.....#
#........... ..~#.##.#
#...(.......
#.~<..#.######..@{.......
.............'...........
#.#...#.######...........
#.#####.# #...........
#.......# #########+#
#########


There were no monsters in sight!

Vanquished Creatures
  An adder (D:2)
  A dart slug (D:1)
  3 ball pythons
  4 endoplasms
  A giant cockroach (D:1)
  4 hobgoblins (D:1)
  3 jackals (D:1)
  2 quokkas (D:1)
  A bat (D:1)
  A kobold (D:1)
21 creatures vanquished.

Notes
Turn   | Place    | Note
-------+----------+-------------------------------------------
     0 | D:1      | porpoise the Demonspawn Gladiator began the quest for the
                  | Orb.
     0 | D:1      | Reached XP level 1. HP: 16/16 MP: 1/1
   371 | D:1      | Reached skill level 3 in Polearms
   371 | D:1      | Gained mutation: You may rarely emit foul miasma when
                  | damaged in melee. [demonic ancestry]
   371 | D:1      | Reached XP level 2. HP: 15/23 MP: 2/2
  1395 | D:2      | Reached XP level 3. HP: 19/28 MP: 3/3
  1528 | D:2      | Noticed Sigmund
  1541 | D:2      | Slain by Sigmund

Illustrated notes

Levels and vault maps discovered:
D:1:      reono_arrival_forest_river, layout_loops_ring
D:2:      layout_basic, serial_rivers, chequers_serial_rivers_marsh,
          chequers_serial_rivers_marsh, chequers_serial_rivers_small_a,
          chequers_serial_rivers_micro_d, uniq_sigmund, uniq_terence

Skill      XL: |  1 |
---------------+----+-----
Polearms       | 3 |  3.3
Fighting       | |  2.9
Throwing       | |  1.7
Dodging        | |  2.6

Action                   || total
-------------------------++-------
Melee: Trident           ||    87
 Stab: Sleeping          ||     2
Armor: Leather armour    ||    18
Dodge: Dodged            ||    39

Table legend: (Time is in decaauts)
 A = Elapsed time spent in this place.
 B = Non-inter-level travel time spent in this place.
 C = Inter-level travel time spent in this place.
 D = Time resting spent in this place.
 E = Time spent auto-exploring this place.
 F = Levels seen in this place.
 G = Mean time per level.
                   A        B        C        D        E       F      G
               +--------+--------+--------+--------+--------+-----+--------+
         Total |   1561 |   1543 |     18 |    750 |    574 |   2 |  780.5 |
       Dungeon |   1561 |   1543 |     18 |    750 |    574 |   2 |  780.5 |
               +--------+--------+--------+--------+--------+-----+--------+

Top non-repeatable levels by time:
     D:1: 1247 daAuts
     D:2: 313 daAuts
